 Dungeon Crawl Stone Soup version 0.21.1-1-g345015fe64 (webtiles) character file.

5369 Knicklaso the Fighter (level 10, -28/101 HPs)
             Began as a Minotaur Berserker on Apr 14, 2018.
             Was a High Priest of Trog.
             Annihilated by an ogre
             ... wielding a +0 giant club
              (29 damage)
             ... on level 9 of the Dungeon.
             The game lasted 00:24:37 (6615 turns).

Knicklaso the Fighter (Minotaur Berserker)          Turns: 6615, Time: 00:24:37

Health: -28/101    AC:  9    Str: 29 (30) XL:     10   Next: 39%
Magic:  9/9        EV: 10    Int:  2 (4)  God:    Trog [*****.]
Gold:   597        SH:  2    Dex:  6 (9)  Spells: 9/9 levels left

rFire    . . .     SeeInvis .   B - +2 flail (venom)
rCold    x . .     Gourm    .   l - +0 buckler
rNeg     + + .     Faith    .   I - +1 ring mail of Xywkud {rElec rC- rN+ Str+4}
rPois    .         Spirit   .   (helmet restricted)
rElec    +         Reflect  .   r - +1 cloak
rCorr    .         Harm     .   x - +0 pair of gloves
MR       +....                  (no boots)
Stlth    ..........             (no amulet)
HPRegen  0.26/turn              w - ring of positive energy
MPRegen  0.11/turn              J - ring of protection from magic

@: berserk cooldown, starving, slowed, very slow
A: retaliatory headbutt, horns 2
a: Berserk, Trog's Hand, Brothers in Arms, Burn Spellbooks, Renounce Religion


You were on level 9 of the Dungeon.
You worshipped Trog.
Trog was extremely pleased with you.
You were starving.

You visited 1 branch of the dungeon, and saw 9 of its levels.
You also visited: Ossuary.

You collected 597 gold pieces.

Inventory:

Hand Weapons
 a - a +0 morningstar
 p - a +1 halberd of venom
 s - a +3 quarterstaff of chaos
 B - a +2 flail of venom (weapon)
Missiles
 b - 191 stones (quivered)
 f - 5 tomahawks
 o - 2 throwing nets
Armour
 l - a +0 buckler (worn)
 r - a +1 cloak (worn)
 x - a +0 pair of gloves (worn)
 I - the +1 ring mail of Xywkud (worn) {rElec rC- rN+ Str+4}
   (You found it on level 6 of the Dungeon)

   It affects your strength (+4).
   It makes you vulnerable to cold.
   It insulates you from electricity.
   It protects you from negative energy.
 L - the +1 ring mail of Nell {rC+ Int-5 Stlth+}
   (You found it on level 7 of the Dungeon)

   It affects your intelligence (-5).
   It protects you from cold.
   It makes you more stealthy.
 U - a +0 plate armour
 V - a +0 troll leather armour
Jewellery
 w - a ring of positive energy (left hand)
 z - an uncursed ring of ice
 J - a ring of protection from magic (right hand)
Wands
 i - a wand of scattershot (5)
 k - a wand of polymorph (24)
 A - a wand of paralysis (11)
 H - a wand of iceblast (22)
 K - a wand of random effects (27)
 N - a wand of disintegration (13)
Scrolls
 d - 2 scrolls of teleportation
 j - 4 scrolls of remove curse
 n - 3 scrolls of blinking
 t - a scroll of enchant armour
 v - 2 scrolls of magic mapping
 y - 2 scrolls of identify
 E - 9 scrolls of enchant weapon {unknown}
 Q - 3 scrolls of immolation {unknown}
 R - 3 scrolls of random uselessness {unknown}
 T - a scroll of amnesia {unknown}
Potions
 e - a potion of magic {unknown}
 g - 4 potions of brilliance
 h - a potion of resistance {unknown}
 m - 2 potions of berserk rage
 q - 4 potions of mutation {unknown}
 u - 2 potions of curing
 C - 3 potions of cancellation {unknown}
 F - 4 potions of lignification {unknown}
 G - a potion of agility
 M - a potion of might {unknown}
 O - a potion of haste {unknown}
 P - 5 potions of degeneration
 S - a potion of flight {unknown}
Books
 D - a Necronomicon

   Spells                             Type                      Level
   a - Haunt                          Necromancy/Summoning         7
   b - Borgnjor's Revivification      Necromancy                   8
   c - Death's Door                   Charms/Necromancy            8
   d - Infestation                    Necromancy                   8
   e - Necromutation                  Transmutation/Necromancy     8
   Trog disapproves of the use of such an item.
Comestibles
 c - 18 rations


   Skills:
 + Level 13.1 Fighting
 + Level 13.1 Maces & Flails
 - Level 2.4 Armour
 - Level 2.1 Dodging


You had 9 spell levels left.
You didn't know any spells.

Dungeon Overview and Level Annotations

Branches:
Dungeon (9/15)             Temple (0/1) D:4            Lair (0/6) D:8
    Orc: D:9-12

Altars:
Elyvilon
Fedhas
Gozag
Hepliaklqana
Kikubaaqudgha
Ru
Sif Muna
Uskayaw
Yredelemnul
The Shining One

Shops:
D:8 *

Annotations:
D:4 exclusion: orc wizard


Innate Abilities, Weirdness & Mutations

You reflexively headbutt those who attack you in melee.
You have a pair of horns on your head.


Message History

The scorpion poisons you!
You feel better. You block the scorpion's attack.
The green ugly thing engulfs you.
* * * LOW HITPOINT WARNING * * *
It was a potion of degeneration.
There was something very wrong with that liquid.
You feel weakened.
You feel dopey.
You feel clumsy. The scorpion misses you. You furiously retaliate!
You headbutt the scorpion.
You block the green ugly thing's attack.
The scorpion stings you.
* * * LOW HITPOINT WARNING * * *
You feel better. The ogre hits you with a giant club!
* * * LOW HITPOINT WARNING * * *
The green ugly thing engulfs you.
* * * LOW HITPOINT WARNING * * *
The scorpion stings you but does no damage.
The gnoll closely misses you.
The green ugly thing engulfs you but does no damage.
The ogre hits you with a giant club!!
You die...

#.#
##.###...
#.# #......#
#.###...####
#.##...##
#O....##
##...##
####....#
#.s..#..#
##@###...#
#Ou# #u#.#
#g####.#..#
##.# #>.##J#
#..###.## .#
#.###..# .T
#..gu.## ..
####### ##


You could see a green ugly thing, an ogre, a scorpion and a gnoll.

Vanquished Creatures
  The ghost of htuhola the Magician, a novice OpWz of Qazlal (D:6)
  A troll (D:9)
  Grinder (D:4)
  2 hippogriffs (D:8)
  Prince Ribbit (D:7)
  Sigmund (D:3)
  A wyvern (D:9)
  2 porcupines (D:8)
  2 orc warriors (D:8)
  A phantom (D:4)
  An eye of draining (D:8)
  A sky beast (D:8)
  6 ogres
  4 bullfrogs
  A gnoll sergeant (D:8)
  A wyvern zombie (D:6)
  A big kobold (D:7)
  2 scorpions
  4 killer bees (D:7)
  3 howler monkeys
  6 crimson imps
  2 centaur zombies
  2 quasits
  3 bullfrog zombies
  7 jellies
  A human zombie (Ossuary)
  2 orc priests
  3 hounds
  8 orc wizards
  Crazy Yiuf (D:2)
  5 iguanas
  5 worker ants
  A big kobold zombie (Ossuary)
  6 mummies (Ossuary)
  15 gnolls
  12 adders
  3 shadow imps
  5 oozes (D:8)
  An adder skeleton (D:5)
  7 worms
  4 dart slugs
  A leopard gecko (D:8)
  31 orcs
  7 bats
  7 giant cockroaches
  A gnoll zombie (Ossuary)
  9 goblins
  6 hobgoblins
  A quokka (D:3)
  2 ball pythons (D:3)
  3 frilled lizards
  2 goblin zombies (Ossuary)
  11 kobolds
  A kobold zombie (Ossuary)
  A leopard gecko skeleton (D:4)
  An orc zombie (Ossuary)
  3 rats
223 creatures vanquished.

Notes
Turn   | Place    | Note
-------+----------+-------------------------------------------
     0 | D:1      | Knicklaso the Minotaur Berserker began the quest for the Orb.
     0 | D:1      | Reached XP level 1. HP: 19/19 MP: 0/0
   122 | D:1      | Reached XP level 2. HP: 20/27 MP: 1/1
   698 | D:2      | Found a blossoming altar of Fedhas.
   698 | D:2      | Found an ancient bone altar of Kikubaaqudgha.
   724 | D:2      | Reached XP level 3. HP: 34/34 MP: 2/2
   944 | D:2      | Reached ** piety under Trog
  1148 | D:2      | Found a runed door.
  1199 | D:2      | Found an opulent altar of Gozag.
  1476 | D:2      | Noticed Crazy Yiuf
  1479 | D:2      | Killed Crazy Yiuf
  1479 | D:2      | Reached skill level 5 in Fighting
  1479 | D:2      | Reached skill level 5 in Maces & Flails
  1479 | D:2      | Reached XP level 4. HP: 42/42 MP: 3/3
  1682 | D:3      | Reached XP level 5. HP: 38/48 MP: 4/4
  1827 | D:3      | Found a white marble altar of Elyvilon.
  1828 | D:3      | Noticed Sigmund
  1836 | D:3      | Killed Sigmund
  1836 | D:3      | Reached XP level 6. HP: 58/58 MP: 5/5
  2014 | D:3      | Found a hazy altar of Hepliaklqana.
  2300 | D:4      | Reached *** piety under Trog
  2504 | D:4      | Reached XP level 7. HP: 56/66 MP: 6/6
  2571 | D:4      | Found a basalt altar of Yredelemnul.
  2658 | D:4      | Found a deep blue altar of Sif Muna.
  2726 | D:4      | Found a sacrificial altar of Ru.
  2768 | D:4      | Noticed Grinder
  2781 | D:4      | Killed Grinder
  2812 | D:4      | Found a staircase to the Ecumenical Temple.
  3388 | D:5      | Entered Level 5 of the Dungeon
  3481 | D:5      | Found a hide-covered altar of Uskayaw.
  3571 | D:5      | Reached XP level 8. HP: 59/75 MP: 7/7
  3918 | D:5      | Reached **** piety under Trog
  3942 | D:5      | Found a glowing golden altar of the Shining One.
  4051 | D:6      | Reached skill level 10 in Fighting
  4051 | D:6      | Reached skill level 10 in Maces & Flails
  4296 | D:6      | Got a garnet-encrusted ring mail
  4301 | D:6      | Identified the cursed +1 ring mail of Xywkud {rElec rC- rN+ Str+4} (You found it on level 6 of the Dungeon)
  4322 | D:6      | Noticed htuhola's ghost (novice OpWz)
  4345 | D:6      | Killed htuhola's ghost
  4345 | D:6      | Reached XP level 9. HP: 40/86 MP: 8/8
  5063 | D:7      | Got a smoking ring mail
  5064 | D:7      | Identified the +1 ring mail of Nell {rC+ Int-5 Stlth+} (You found it on level 7 of the Dungeon)
  5205 | D:7      | Noticed Prince Ribbit
  5216 | D:7      | Killed Prince Ribbit
  5423 | D:8      | Found Teklaopazu's Assorted Antiques.
  5511 | D:8      | Found a sand-covered staircase.
  5533 | Ossuary  | Entered an ossuary
  5959 | Ossuary  | Reached ***** piety under Trog
  5999 | D:8      | Reached XP level 10. HP: 99/99 MP: 9/9
  6488 | D:8      | Found a staircase to the Lair.
  6602 | D:9      | Noticed a green ugly thing
  6614 | D:9      | HP: 5/101 [scorpion (3)]
  6615 | D:9      | HP: 1/101 [green ugly thing (6)]
  6615 | D:9      | Annihilated by an ogre

Skill      XL: |  1  2  3  4  5  6  7  8  9 10 |
---------------+-------------------------------+-----
Fighting       | 4 5 6 7 8 10 12 13 | 13.1
Maces & Flails | 4 5 6 7 8 10 12 13 | 13.1
Armour         | |  2.4
Dodging        | |  2.1

Action                   |  1- 3 |  4- 6 |  7- 9 | 10-12 || total
-------------------------+-------+-------+-------+-------++-------
Melee: Mace              |    64 |    92 |       |       ||   156
       Headbutt          |    14 |    19 |    51 |    16 ||   100
       Flail             |       |     7 |   309 |    89 ||   405
Throw: Stone             |     2 |       |       |       ||     2
Invok: Berserk           |     3 |     1 |     2 |     1 ||     7
       Trog's Hand       |       |     2 |     5 |       ||     7
       Burn Spellbooks   |       |       |     1 |       ||     1
  Use: Scroll            |       |     5 |     8 |     1 ||    14
       Potion            |       |       |       |     3 ||     3
  Eat: Chunk             |     3 |     7 |    10 |     2 ||    22
       Ration            |       |       |     1 |       ||     1
Armor: Ring mail         |    30 |    18 |   103 |    25 ||   176
Dodge: Dodged            |    35 |    34 |   153 |    38 ||   260
Block: Buckler           |     6 |     7 |    25 |     8 ||    46
